AoeStats
← hainguyennguyenthoi

Arena

508407830Analyzed
3v3 RM · 11d ago on Sep 22, 2026· 42m 25s· 6 players
Game mode
Random Map
Map size
Normal (6 player)
Population
200
Speed
Normal
Resources
Standard
Victory
Conquest
Starting age
Dark Age
Ending age
Imperial Age
RankedLock teamsTeams togetherTeam positionsShared explorationLock speedFull tech treeHidden civsTurbo modeCheats
Victory
Defeat
🇩🇪 Mongols · Germany
1414
+7
🇻🇳 Tatars · Vietnam
1314
+10
🇦🇺 Bohemians · Australia
1266
+13
🇨🇳 Mongols · China
1455
-19
🇩🇪 Byzantines · Germany
1079
-6
🇭🇰 Khmer · Hong Kong SAR China
1011
-5
Cowardpunch
10:46 Feudal Age
12:28 Loom
15:08 Castle Age
13:16 Double-Bit Axe
15:03 Horse Collar
19:35 Redemption
28:15 Imperial Age
25:47 Fletching
27:25 Bow Saw
29:01 Forging
28:52 Scale Mail Armor
29:41 Pikeman
30:22 Squires
32:02 Two-Man Saw
31:33 Conscription
36:28 Chain Mail Armor
37:34 Halberdier
38:19 Heavy Plow
41:16 Plate Mail Armor
41:21 Iron Casting
41:51 Two-Man Saw
Bobo
10:43 Feudal Age
14:24 Castle Age
12:41 Double-Bit Axe
12:40 Horse Collar
16:28 Loom
21:48 Wheelbarrow
21:27 Heavy Plow
22:02 Fortified Wall
22:40 Bow Saw
22:54 Town Watch
23:28 Masonry
23:31 Town Watch
24:07 Gold Mining
25:17 Scale Barding Armor
25:46 Forging
26:01 Stone Mining
27:05 Hand Cart
27:44 Bloodlines
27:48 Husbandry
28:05 Light Cavalry
33:07 Imperial Age
31:31 Chain Barding Armor
32:11 Iron Casting
33:11 Heavy Camel Rider
34:23 Conscription
35:06 Blast Furnace
35:03 Fletching
35:36 Ballistics
35:17 Elite Steppe Lancer
37:14 Chemistry
36:00 Hussar
37:40 Hoardings
37:03 Bodkin Arrow
37:03 Capped Ram
38:37 Bracer
39:46 Drill
39:03 Siege Ram
40:28 Padded Archer Armor
41:20 Sappers
hainguyennguyenthoi
11:03 Feudal Age
12:22 Double-Bit Axe
15:11 Castle Age
13:51 Gold Mining
13:43 Horse Collar
14:53 Loom
16:27 Bow Saw
22:43 Wheelbarrow
23:36 Heavy Plow
25:46 Hand Cart
26:12 Gold Shaft Mining
29:43 Imperial Age
27:17 Fletching
27:27 Padded Archer Armor
28:36 Bodkin Arrow
28:54 Bloodlines
28:45 Husbandry
28:53 Scale Barding Armor
29:31 Padded Archer Armor
29:54 Ballistics
29:44 Stone Mining
29:47 Heavy Cavalry Archer
30:28 Bracer
30:22 Town Watch
31:03 Conscription
31:28 Silk Armor
32:48 Chemistry
34:22 Leather Archer Armor
35:34 Timurid Siegecraft
36:20 Ring Archer Armor
36:12 Chain Barding Armor
36:18 Bombard Tower
41:31 Crop Rotation
41:14 Forging
41:40 Plate Barding Armor
41:03 Murder Holes
41:18 Fortified Wall
41:21 Masonry
41:16 Siege Engineers
ZC_39
10:38 Feudal Age
11:39 Horse Collar
11:46 Double-Bit Axe
15:00 Castle Age
16:04 Bow Saw
15:57 Heavy Plow
19:00 Wheelbarrow
23:24 Bloodlines
22:34 Light Cavalry
26:04 Husbandry
29:17 Hand Cart
30:26 Ballistics
30:01 Murder Holes
31:36 Forging
31:31 Scale Barding Armor
32:06 Scale Mail Armor
32:06 Padded Archer Armor
31:57 Fletching
34:37 Iron Casting
34:23 Chain Barding Armor
34:19 Chain Mail Armor
34:19 Leather Archer Armor
33:59 Bodkin Arrow
38:18 Imperial Age
MeHawK
9:18 Feudal Age
13:33 Castle Age
11:55 Double-Bit Axe
12:22 Horse Collar
14:54 Bow Saw
15:55 Loom
20:37 Wheelbarrow
20:35 Gold Mining
26:37 Imperial Age
24:27 Stone Mining
24:29 Fletching
25:09 Bodkin Arrow
26:16 Bloodlines
28:02 Bracer
28:13 Elite Mangudai
30:19 Padded Archer Armor
30:22 Husbandry
30:46 Ballistics
32:04 Leather Archer Armor
32:08 Hand Cart
32:54 Conscription
33:36 Thumb Ring
33:56 Parthian Tactics
34:26 Light Cavalry
34:50 Capped Ram
35:36 Scale Barding Armor
35:42 Forging
37:02 Chemistry
36:01 Siege Ram
36:42 Hussar
38:03 Chain Barding Armor
38:33 Drill
38:52 Onager
41:49 Elite Skirmisher
Icke
7:23 Loom
10:47 Feudal Age
15:14 Castle Age
13:07 Horse Collar
16:03 Wheelbarrow
16:07 Heavy Plow
16:27 Double-Bit Axe
25:39 Hand Cart
28:14 Forging
28:12 Scale Barding Armor
30:58 Imperial Age
28:37 Husbandry
29:05 Gold Mining
29:09 Stone Mining
29:57 Iron Casting
31:22 Gold Shaft Mining
31:22 Stone Shaft Mining
31:01 Bow Saw
31:21 Elite Cataphract
32:34 Conscription
32:41 Chain Barding Armor
35:22 Guilds
35:20 Caravan
35:55 Logistica
38:12 Plate Barding Armor
Connection lost

Rejoining the realm…

Still unreachable

The connection could not be restored.

Session expired

The server has moved on; the page needs a fresh start.